em, chaotic female vampiric Wizard ------------ -..........| |....rr....| |....r@....+ |....r.....| |........... ---------.-- ### ############# --.--- ### -|------|- ....(.### ) |........| |....| # -----# |...^...<. |....+####....|# |........| ------ # |.>.|# |........| ###+....# ---------- ----- em the Thaumaturge Experience level: 6 Strength: 9 Dexterity: 15 Constitution: 15 Intelligence: 16 Wisdom: 10 Charisma: 11 Health: 0(52) Energy: 60(68) AC: 5 Gold: 369 Moves: 1167 Your Inventory: Coins $ - 369 gold pieces Weapons a - a blessed +1 quarterstaff (weapon in hands) Armor b - a blessed +0 cloak of magic resistance (being worn) t - an [uncursed] +3 pair of speed boots (being worn) Scrolls i - an uncursed scroll of confuse monster j - 2 uncursed scrolls of identify x - a [blessed] scroll of confuse monster y - an [uncursed] scroll labeled VE FORBRYDERNE [of enchant armor] Spellbooks k - a blessed spellbook of force bolt l - an uncursed spellbook of drain life Potions f - an uncursed potion of gain ability g - an uncursed potion of sickness h - an uncursed potion of blindness p - an [uncursed] potion of oil Rings d - an uncursed +2 ring of gain dexterity (on right hand) e - an uncursed ring of teleportation w - an [uncursed +1] jacinth ring [of gain wisdom] Wands c - an uncursed wand of digging (0:7) Tools m - an uncursed magic marker (0:34) n - an uncursed blindfold Gems q - an [uncursed] gray stone [touchstone] Spells known in the end: Name Level Category Fail Memory a - force bolt 1 attack 0% [||||||||] b - drain life 2 attack 0% [||||||||] Your skills at the end: Fighting Skills Weapon Skills quarterstaff [Basic / Expert] Spellcasting Skills attack spells [Basic / Expert] enchantment spells [Basic / Skilled] Final Attributes: You were devoutly aligned. Hunger level was 830. Your alignment was 15 / 15. Monster difficulty range was 1 - 6. Level difficulty was 7. You were immune to level-drain. You were magic-protected. You could fly. You could survive without air. You regenerated. You were very fast. Your luck was zero. You are dead. Vanquished creatures: 4 small mimics a gold golem 2 rothes 2 iguanas a coyote a hobgoblin 2 giant rats a gecko a kobold a goblin 2 sewer rats 3 grid bugs a kobold zombie 2 newts 24 creatures vanquished. Voluntary challenges: You used a wielded weapon 32 times. You read items or engraved 1 time. You put on armor 2 times. You never genocided any monsters. You never polymorphed an object. You never changed form. You used no wishes. You never wrote Elbereth's name. You never encountered a bones level. You never used any Sokoban shortcuts. Dungeon overview: The Dungeons of Doom: levels 1 to 7 Level 1 a fountain a long staircase Level 2 an armor shop, an altar to Anhur, a fountain Level 6 a fountain, a sink Level 7 <- You were here History has recorded: On T:1 you entered the Dungeons of Doom to retrieve the Amulet of Yendor! On T:285 you reached level 2 of The Dungeons of Doom. On T:287 you advanced to experience level 2. On T:487 you advanced to experience level 3. On T:503 you advanced to experience level 4. On T:517 you advanced to experience level 5. On T:634 you reached level 3 of The Dungeons of Doom. On T:850 you reached level 4 of The Dungeons of Doom. On T:1024 you reached level 5 of The Dungeons of Doom. On T:1035 you reached level 6 of The Dungeons of Doom. On T:1102 you reached level 7 of The Dungeons of Doom. On T:1121 you advanced to experience level 6. Latest messages: You feel a wrenching sensation. Your surroundings suddenly seem different. The spellbook crumbles to dust! [HP+1=51] [HP+1=52] The enormous rat bites! [HP-1=51] [HP+1=52] The enormous rat bites! [HP-5=47] [HP+1=48] The enormous rat bites! (2x) [HP-5=43] The enormous rat bites! (3x) [HP-15=28] [HP+1=29] [HP+1=30] The enormous rat bites! (3x) [HP-12=18] The enormous rat bites! (3x) [HP-12=6] [HP+1=7] The enormous rat bites! (2x) You die... Final status: Goodbye em the Wizard... You died in The Dungeons of Doom on dungeon level 7 with 1709 points, and 369 pieces of gold, after 1167 moves. You were level 6 with a maximum of 52 hit points when you died.